 Dungeon Crawl Stone Soup version 0.29-a0-371-g91724d5b39 (webtiles) character file.

Game seed: 83964337324522082

4 spaghetti the Thaumaturge (level 1, 13/13 HPs)
             Began as a Gnoll Wanderer on May 2, 2022.
             Quit the game on level 1 of the Dungeon.
             The game lasted 00:00:25 (176 turns).

spaghetti the Thaumaturge (Gnoll Wanderer)           Turns: 176, Time: 00:00:26

Health: 13/13      AC:  2    Str: 12    XL:     1   Next: 60%
Magic:  10/10      EV: 10    Int: 12    God:
Gold:   0          SH:  4    Dex:  9    Spells: 17/18 levels left

rFire   . . .      SeeInvis .   a - +2 hand axe {axe}
rCold   . . .      Faith    .   b - +0 buckler
rNeg    . . .      Spirit   .   e - +0 robe
rPois   .          Reflect  .   (no helmet)
rElec   .          Harm     .   (no cloak)
rCorr   .          Rampage  .   (no gloves)
Will    .....                   (no boots)
Stlth   +.........              (no amulet)
HPRegen 0.04/turn               (no ring)
MPRegen 0.12/turn               (no ring)

@: no status effects
A: fangs 1, strong nose, distributed training
a: no special abilities


You were on level 1 of the Dungeon.
You visited 1 branch of the dungeon, and saw 1 of its levels.


Innate Abilities, Weirdness & Mutations

You have very sharp teeth.
Your uncanny sense of smell can sniff out nearby items.
Your experience applies equally to all skills.


   Skills:
 + Level 0.1 Fighting
 + Level 0.1 Short Blades
 + Level 0.1 Long Blades
 + Level 8.4 Axes
 + Level 0.1 Maces & Flails
 + Level 0.1 Polearms
 + Level 0.1 Staves
 + Level 0.1 Slings
 + Level 0.1 Bows
 + Level 0.1 Crossbows
 + Level 0.1 Throwing
 + Level 2.4 Armour
 + Level 0.1 Dodging
 + Level 0.1 Stealth
 + Level 2.4 Shields
 + Level 0.1 Unarmed Combat
 + Level 9.2 Spellcasting
 + Level 0.1 Conjurations
 + Level 0.1 Hexes
 + Level 0.1 Summonings
 + Level 0.1 Necromancy
 + Level 0.1 Translocations
 + Level 0.1 Transmutations
 + Level 0.1 Fire Magic
 + Level 0.1 Ice Magic
 + Level 0.1 Air Magic
 + Level 0.1 Earth Magic
 + Level 0.1 Poison Magic
 + Level 0.2 Invocations
 + Level 0.1 Evocations


You had 17 spell levels left.
You knew the following spells:

 Your Spells              Type           Power      Damage    Failure   Level
a - Sandblast             Erth           10%        2d5       16%         1

Your spell library contained the following spells:

 Spells                   Type           Power      Damage    Failure   Level
 Stone Arrow              Conj/Erth      10%        3d7       43%         3

Inventory:

Hand Weapons
 a - a +2 hand axe (weapon) {axe}
Missiles
 d - 30 stones {throwing}
Armour
 b - a +0 buckler (worn)
 e - a +0 robe (worn)
Scrolls
 c - a scroll of fear

Dungeon Overview and Level Annotations

Branches:
Dungeon (1/15)

Altars:

## ∆ ..# #.# #(#
#############.###### ########
.......[....@....... ..[.....
.###.####.###.###### ####..
...........##.#### #.#
...#######..(....##########.#
..#...bb##)##.#.............#
.#.....#r#....#.#.###########
#######..#..###.#(###########
#...bg#..#..# #.#.##.........
#...?g#..#..# #.#.##.........


There were no monsters in sight!


Message History

🤖 Initializing magus.rc ...
Options error: Delay interrupt name "hungry" not recognised. (~/.crawlrc:4761) Options error: Bad monster_list_colour key: strict_neutral (~/.crawlrc:4776) Bad channel name for runrest: 'pray:' ✅ Successfully initialized magus.rc [v1.9.6] Welcome, spaghetti the Gnoll Wanderer.
Will you be the one to retrieve the sublime Orb of Zot from the depths?
Press ? for a list of commands and other information.
Found a staircase leading out of the dungeon.
You begin with the following items: a +2 hand axe {axe}, a +0 buckler, a scroll of fear, 30 stones {throwing}, a +0 robe; and the following spell memorised: Sandblast; and the following spells available to memorise: Stone Arrow.
Found a stone staircase leading down.
A bat comes into view.
A bat is nearby!
A bat is nearby!
No reachable target in view!
A bat is nearby!
No reachable target in view!
No reachable target in view!
No reachable target in view!
A rat comes into view.
The goblin shouts! x2
You see here 8 stones {throwing}.
A goblin comes into view. It is wielding a +0 dagger of freezing.
The goblin shouts!
You hit the goblin.
You kill the goblin!
No reachable target in view!
Things that are here:
a +0 dagger of freezing {short}; a goblin corpse No reachable target in view!
A dart slug comes into view.
The dart slug launches a dart at you. The slug dart hits you. 😕 HP[-3]
You take 3 damage, and now have 10/13 hp.
MASSIVE DAMAGE!! (PAUSE)
Things that are here:
a +0 dagger of freezing {short}; a goblin corpse
There are monsters nearby!
You see here a +0 robe.
You start resting.
A dart slug is nearby!
The dart slug launches a dart at you. The slug dart hits you. 😮 HP[-1]
You take 1 damage, and now have 9/13 hp.
You hit the dart slug. You slash the dart slug!
The dart slug bites you. 😮 HP[-1]
You take 1 damage, and now have 8/13 hp.
You hit the dart slug.
You kill the dart slug!
There are monsters nearby! 😮 HP[+1]
You start resting.
A bat is nearby! 😕 HP[+1]
A bat is nearby!
You start resting. 😎 HP[+3]
Your hp is fully restored (13).
Are you sure you want to abandon this character and quit the game? (Confirm with "yes".)
Okay, then.
Unknown command.
Are you sure you want to abandon this character and quit the game? (Confirm with "yes".)
Okay, then.
Are you sure you want to abandon this character and quit the game? (Confirm with "yes".)

Skill      XL: | |
---------------+-+-----
Spellcasting   | |  9.2
Fighting       | |  0.1
Short Blades   | |  0.1
Long Blades    | |  0.1
Axes           | |  8.4
Maces & Flails | |  0.1
Polearms       | |  0.1
Staves         | |  0.1
Slings         | |  0.1
Bows           | |  0.1
Crossbows      | |  0.1
Throwing       | |  0.1
Armour         | |  2.4
Dodging        | |  0.1
Stealth        | |  0.1
Shields        | |  2.4
Unarmed Combat | |  0.1
Conjurations   | |  0.1
Hexes          | |  0.1
Summonings     | |  0.1
Necromancy     | |  0.1
Translocations | |  0.1
Transmutations | |  0.1
Fire Magic     | |  0.1
Ice Magic      | |  0.1
Air Magic      | |  0.1
Earth Magic    | |  0.1
Poison Magic   | |  0.1
Invocations    | |  0.2
Evocations     | |  0.1

Action                   || total
-------------------------++-------
Melee: Hand axe          ||     4

Levels and vault maps discovered:
D:1:      lemuel_arrival_room, layout_basic,
          hellmonk_ecumenical_altar_prayer_group, minmay_3d_cube

Notes
Turn   | Place    | Note
-------+----------+-------------------------------------------
     0 | D:1      | Reached skill level 9 in Spellcasting
     0 | D:1      | spaghetti the Gnoll Wanderer began the quest for the Orb.
     0 | D:1      | spaghetti set off with the following items: a +2 hand axe
                  | {axe}, a +0 buckler, a scroll of fear, 30 stones
                  | {throwing}, a +0 robe; and the following spell memorised:
                  | Sandblast; and the following spells available to memorise:
                  | Stone Arrow
     0 | D:1      | Reached XP level 1. HP: 13/13 MP: 10/10
     0 | D:1      | magus.rc [v1.9.6]
   176 | D:1      | Quit the game

Vanquished Creatures
  A dart slug (D:1)
  A goblin (D:1)
2 creatures vanquished.

Table legend:
 A = Non-vault XP
 B = Vault XP
 C = Vault XP percentage of total XP
 D = Non-vault monster count
 E = Vault monster count
 F = Vault count percentage of total count
                 A         B        C        D         E       F
            +---------+---------+-------+---------+---------+-------
      Total |       6 |       0 |   0.0 |       2 |       0 |   0.0
            +---------+---------+-------+---------+---------+-------
        D:1 |       6 |       0 |   0.0 |       2 |       0 |   0.0
            +---------+---------+-------+---------+---------+-------

Illustrated notes

Table legend:
 A = Kills in this place as a percentage of kills in entire the game.
 B = Kills by you in this place as a percentage of kills by you in the entire game.
 C = Kills by friends in this place as a percentage of kills by friends in the entire game.
 D = Other kills in this place as a percentage of other kills in the entire game.
 E = Experience gained in this place as a percentage of experience gained in the entire game.
 F = Experience gained in this place divided by the number of levels of this place that you have seen.
                   A       B       C       D       E      F
               +-------+-------+-------+-------+-------+----------------------
         Total | 100.0 | 100.0 |   N/A |   N/A | 100.0 |   6.0
       Dungeon | 100.0 | 100.0 |   N/A |   N/A | 100.0 |   6.0
               +-------+-------+-------+-------+-------+----------------------

Table legend: (Time is in decaauts)
 A = Elapsed time spent in this place.
 B = Non-inter-level travel time spent in this place.
 C = Inter-level travel time spent in this place.
 D = Time resting spent in this place.
 E = Time spent auto-exploring this place.
 F = Levels seen in this place.
 G = Mean time per level.
                   A        B        C        D        E       F      G
               +--------+--------+--------+--------+--------+-----+--------+
         Total |    175 |    175 |      0 |    106 |     38 |   1 |  175.0 |
       Dungeon |    175 |    175 |      0 |    106 |     38 |   1 |  175.0 |
               +--------+--------+--------+--------+--------+-----+--------+

Top non-repeatable levels by time:
     D:1: 175 daAuts
